 Dungeon Crawl Stone Soup version 0.16.2-3-ga078185 (webtiles) character file.

149 gorblad the Cutter (level 5, -1/38 HPs)
             Began as a Demonspawn Gladiator on Sept 6, 2015.
             Was an Initiate of Ru.
             Succumbed to a goblin's poison
             ... on level 3 of the Dungeon.
             The game lasted 00:09:14 (3073 turns).

gorblad the Cutter (Demonspawn Gladiator)           Turns: 3073, Time: 00:09:14

Health: -1/38      AC: 11    Str: 16    XL:     5   Next: 9%
Magic:  5/5        EV: 13    Int: 10    God:    Ru [......]
Gold:   117        SH:  0    Dex: 13    Spells: 0 memorised, 4 levels left

rFire  + . .     SeeInvis .     l - +1 short sword (protect)
rCold  . . .     Clarity  .     b - +0 leather armour
rNeg   . . .     SustAb   .     (no shield)
rPois  .         Gourm    .     c - +0 helmet
rElec  .         Spirit   .     e - +1 cloak
rCorr  .         Warding  .     (no gloves)
rMut   .         Stasis   .     (no boots)
MR     .....                    (no amulet)
Stlth  +.........               (no ring)
                                (no ring)

@: lethally poisoned (-1 -> -28), very slightly contaminated, invisible, not
resistant to hostile enchantments, very unstealthy
A: demonic guardian 1, fire resistance 1
a: Renounce Religion


You were on level 3 of the Dungeon.
You worshipped Ru.
Ru was noncommittal.
You were hungry.

You visited 1 branch of the dungeon, and saw 3 of its levels.

You collected 117 gold pieces.

Inventory:

Hand weapons
 a - a +0 rapier
 l - a +1 short sword of protection (weapon)
Missiles
 d - 3 throwing nets (quivered)
Armour
 b - a +0 leather armour (worn)
 c - a +0 helmet (worn)
 e - a +1 cloak (worn)
Jewellery
 j - a cursed -3 ring of protection {unknown}
Magical devices
 p - a wand of invisibility (2)
Scrolls
 h - a scroll of noise {unknown}
 i - 5 scrolls of remove curse {unknown}
 k - a scroll of recharging {unknown}
 m - a scroll of teleportation {unknown}
 n - a scroll of fear {unknown}
 t - a scroll of identify {unknown}
 u - a scroll of enchant weapon {unknown}
Potions
 g - a potion of lignification {unknown}
 o - a potion of invisibility
 r - a potion of curing {unknown}
 s - a potion of haste {unknown}
 v - a potion of poison {unknown}
Comestibles
 f - 3 bread rations
 q - 2 fruits


   Skills:
 + Level 2.2 Fighting
 + Level 3.7 Short Blades
 + Level 1.8 Throwing
 + Level 1.5 Armour
 + Level 3.7 Dodging
 + Level 1.1 Stealth


You had 4 spell levels left.
You didn't know any spells.

Dungeon Overview and Level Annotations

Branches:
Dungeon (3/15)

Altars:
Nemelex Xobeh
Ru
Trog

Annotations:
D:3 Robin


Innate Abilities, Weirdness & Mutations

A weak demonic guardian rushes to your aid.
Your flesh is heat resistant.


Message History

The goblin hits you with a dagger of venom!
* * * LOW HITPOINT WARNING * * *
Robin barely misses you.
You hit Robin.
Robin is severely wounded.
* * * LOW HITPOINT WARNING * * *
You feel sick.
The goblin hits you with a dagger of venom.
* * * LOW HITPOINT WARNING * * *
Robin barely misses you.
Zapping:
p - a wand of invisibility (will waste charges)
Press: ? - help, Shift-Dir - straight line, f - you You fade into invisibility!
You are very lightly contaminated with residual magic.
Evoking this partially-identified wand wasted a few charges.
* * * LOW HITPOINT WARNING * * *
You feel sick. The goblin hits you but does no damage.
It was a potion of invisibility.
You fade further into invisibility.
You die...

#####
##############...#
....gggg@g.......#
##############...#
##########.##.###.#
#..................
#.###.##.#.##.#.#?#
#.# #.##.#.......
#.# #.##.#####..#
#.# #.##.# #..# #
#.# #.##.# #..#.#


You could see Robin and 4 goblins.

Vanquished Creatures
  A jelly (D:3)
  Ijyb (D:3)
  2 adders
  2 giant mites
  A worm (D:2)
  3 giant geckos
  8 bats
  2 giant cockroaches (D:3)
  7 hobgoblins
  9 kobolds
  3 quokkas
  A ball python (D:3)
  3 giant newts
  9 goblins
  A jackal (D:3)
  11 rats
64 creatures vanquished.

Vanquished Creatures (collateral kills)
  Jessica (D:3)
  2 jackals (D:3)
3 creatures vanquished.

Vanquished Creatures (others)
  An iron imp (D:3)
1 creature vanquished.

Grand Total: 68 creatures vanquished

Notes
Turn   | Place    | Note
--------------------------------------------------------------
     0 | D:1      | gorblad, the Demonspawn Gladiator, began the quest for the Orb.
     0 | D:1      | Reached XP level 1. HP: 16/16 MP: 1/1
   212 | D:1      | Gained mutation: A weak demonic guardian rushes to your aid. [demonic ancestry]
   212 | D:1      | Reached XP level 2. HP: 12/22 MP: 2/2
   415 | D:1      | Reached skill level 3 in Short Blades
  1682 | D:2      | Reached XP level 3. HP: 25/27 MP: 3/3
  2004 | D:2      | Reached skill level 1 in Armour
  2013 | D:2      | Found a sparkling altar of Nemelex Xobeh.
  2203 | D:2      | Found a bloodstained altar of Trog.
  2396 | D:3      | Reached XP level 4. HP: 29/33 MP: 4/4
  2557 | D:3      | Noticed Ijyb
  2570 | D:3      | Killed Ijyb
  2898 | D:3      | Found a sacrificial altar of Ru.
  2907 | D:3      | Became a worshipper of Ru the Awakened
  2964 | D:3      | Noticed Jessica
  2975 | D:3      | Killed Jessica
  2975 | D:3      | Reached skill level 1 in Stealth
  2975 | D:3      | Gained mutation: Your flesh is heat resistant. [demonic ancestry]
  2975 | D:3      | Reached XP level 5. HP: 36/38 MP: 5/5
  3056 | D:3      | Noticed Robin
  3072 | D:3      | HP: 1/38 [poisoned by a goblin]
  3073 | D:3      | Succumbed to a goblin's poison

Action                   |  1- 3 |  4- 6 || total
-------------------------+-------+-------++-------
Melee: Rapier            |    44 |       ||    44
       Short sword       |   116 |   102 ||   218
Evoke: Wand              |       |     1 ||     1
  Use: Potion            |       |     1 ||     1
 Stab: Sleeping          |     1 |       ||     1
  Eat: Bread ration      |     1 |       ||     1
       Chunk             |       |     2 ||     2
